Map: Miner Evacuation

Players

Odin

  • Race: Zerg Zerg
  • League: Platinum
  • Spawn Location: 7:00

Denoted

  • Race: Terran Terran

VOD

Have the link to the VOD?

Description

Time

  • Played on: Dec. 21, 2018, 3:40 a.m.
  • Length: 30:22
Show
View Real Time Build Order
Export as new Build Order

Odin Zerg 

Build Orders:  

Get SALT Encoding   

  12  0:21  Drone x2  
  12  0:26  Extractor  
  13  0:30  Drone  
  13  0:35  Overlord  
  15  1:00  Spawning Pool  
  14  1:11  Drone  
  14  1:12  Drone  
  14  1:14  Drone  
  17  1:41  Extractor, Drone  
  17  1:42  Extractor, Drone  
  17  1:47  Queen  
  19  2:02  Drone  
  19  2:03  Drone  
  21  2:17  Overlord  
  21  2:35  Drone  
  22  2:49  Drone  
  23  2:52  Metabolic Boost  
  23  3:07  Hatchery  
  22  3:13  Drone  
  23  3:25  Lair  
  23  3:31  Zergling x2  
  23  3:36  Zergling x2  
  25  3:46  Zergling  
  25  3:47  Zergling  
  25  3:50  Zergling x2  
  25  4:01  Zergling x2  
  25  4:02  Zergling  
  25  4:14  Drone x7  
  30  4:40  Overlord x2  
  30  6:23  Hydralisk Den  
  29  6:30  Queen  
  31  6:55  Nydus Network  
  30  7:00  Nydus Network  
  30  7:05  Muscular Augments  
  30  7:08  Drone x2  
  31  7:17  Hydralisk x6  
  43  7:44  Ancillary Carapace  
  43  8:04  Drone x2  
  45  8:20  Omega Worm  
  45  8:51  Hatchery  
  44  9:06  Omega Worm  
  52  9:20  Overlord x3  
  52  9:21  Overlord x6  
  52  9:22  Hydralisk x4  
  52  9:57  Drone  
  52  9:58  Drone  
  52  9:59  Drone x9  
  63  10:32  Evolution Chamber  
  63  10:35  Evolution Chamber  
  61  10:41  Extractor  
  61  10:42  Extractor  
  61  10:43  Spine Crawler  
  61  10:49  Hive  
  58  11:25  Drone  
  58  11:26  Drone x10  
  58  11:28  Drone x3  
  58  11:29  Drone x3  
  75  11:36  Omega Worm  
  75  12:13  Nydus Network  
  75  12:14  Nydus Network  
  73  12:21  Drone x2  
  73  12:22  Drone  
  73  12:23  Drone  
  77  12:39  Hatchery  
  76  12:43  Spine Crawler  
  75  12:57  Omega Worm  
  75  13:08  Hydralisk  
  75  13:09  Hydralisk x9  
  87  14:10  Hydralisk x5  
  87  14:11  Hydralisk x8  
  87  14:45  Drone  
  87  14:46  Evolution Chamber  
  87  14:56  Omega Worm  
  87  15:20  Chain Reaction, Heroic Fortitude  
  119  15:31  Hydralisk  
  119  15:32  Hydralisk x14  
  119  15:34  Hydralisk  
  119  16:04  Ability Efficiency  
  119  16:06  Zerg Missile Weapons Level 1  
  119  16:10  Frenzy  
  123  16:20  Zerg Melee Weapons Level 1  
  123  16:25  Hydralisk x2  
  123  16:26  Hydralisk x4  
  123  16:27  Hydralisk  
  135  17:03  Overlord x5  
  135  17:04  Overlord x3, Hydralisk  
  129  17:23  Zerg Ground Armor Level 1  
  129  17:35  Ultralisk Cavern  
  129  17:38  Drone  
  129  18:35  Burrow Charge  
  129  18:40  Ultralisk x3  
  129  18:41  Ultralisk  
  159  18:50  Zergling x10  
  159  18:51  Zergling x16, Hydralisk x3  
  172  19:15  Chitinous Plating  
  172  19:31  Zerg Ground Armor Level 2, Zerg Missile Weapons Level 2  
  172  19:32  Zerg Melee Weapons Level 2  
  172  19:39  Hardened Carapace  
  172  19:42  Zergling x2  
  172  19:43  Zergling x28  
  187  19:54  Tissue Assimilation  
  187  20:15  Zergling x4  
  187  20:16  Zergling x10  
  187  20:17  Zergling x8  
  187  20:18  Zergling x17  
  187  20:19  Zergling x13  
  187  20:20  Adrenal Overload, Zergling x9  
  187  20:21  Zergling x23  
  187  20:22  Zergling x10  
  187  20:23  Zergling x2  
  187  20:24  Zergling x4  
  187  20:25  Zergling x27  
  187  20:26  Zergling x7  
  187  20:33  Omega Worm  
  185  20:52  Zergling x3  
  185  20:53  Zergling  
  185  20:54  Zergling x3  
  185  20:55  Zergling  
  185  20:59  Shredding Claws  
  199  21:03  Hydralisk x6  
  199  21:04  Hydralisk  
  199  21:08  Zergling x4  
  199  21:09  Zergling x4  
  128  21:10  Zergling x4  
  199  21:11  Zergling x5  
  199  21:12  Zergling x4  
  199  21:13  Zergling x3  
  199  21:14  Zergling x3  
  199  21:15  Zergling  
  199  21:16  Zergling x2  
  199  21:18  Zergling  
  199  21:19  Zergling  
  197  21:38  Zergling x7  
  197  21:39  Zergling  
  189  21:40  Zergling x2  
  189  21:41  Zergling x3  
  189  21:42  Zergling  
  189  21:43  Zergling x2  
  189  21:45  Zergling x2  
  189  21:46  Zergling x2  
  189  21:47  Zergling x6  
  189  21:48  Zergling x7  
  189  21:49  Zergling  
  186  21:50  Zergling x2  
  186  21:51  Ultralisk  
  186  21:56  Zergling  
  186  21:57  Zergling  
  186  21:58  Zergling x4, Hydralisk x5  
  186  21:59  Hydralisk, Zergling  
  198  22:01  Zergling x2  
  198  22:03  Zergling x9  
  198  22:04  Zergling x2  
  198  22:05  Zergling x5  
  198  22:06  Zergling x2  
  198  22:07  Zergling x4  
  198  22:08  Zergling x4  
  197  22:19  Zergling x4  
  195  22:20  Zergling  
  195  22:22  Zergling  
  195  22:23  Zergling x2  
  195  22:25  Zergling  
  195  22:26  Zergling  
  195  22:28  Zergling x2  
  191  22:31  Zergling  
  191  22:35  Zergling  
  191  22:36  Zergling  
  196  22:50  Hydralisk  
  196  22:51  Hydralisk x5  
  194  23:31  Zergling  
  194  23:33  Omega Worm  
  194  23:50  Zergling  
  194  23:54  Zergling  
  199  24:20  Zerg Missile Weapons Level 3, Zerg Melee Weapons Level 3, Zerg Ground Armor Level 3  
  199  24:21  Hydralisk  
  199  24:22  Hydralisk x3  
  191  25:24  Omega Worm  
  191  26:07  Ultralisk  
  191  26:21  Ultralisk  
  191  26:25  Ultralisk  
  189  26:39  Hydralisk x5  
  199  26:46  Ultralisk  
  159  27:41  Omega Worm  
  181  27:53  Hydralisk  
  181  27:54  Hydralisk x5  
  181  27:55  Hydralisk x5  
  181  27:56  Hydralisk x6  
  181  27:57  Overlord x4, Hydralisk x3  
  195  28:04  Overlord x3  
  195  28:05  Overlord  
  187  28:45  Ultralisk  
  187  28:46  Ultralisk x2  
  187  28:48  Ultralisk  
  195  28:54  Omega Worm  
  199  29:35  Hydralisk x8  
Show
View Real Time Build Order
Export as new Build Order

Denoted Terran 

Build Orders:  

Get SALT Encoding   

  12  0:03  SCV  
  13  0:20  SCV  
  13  0:23  Refinery  
  14  0:37  SCV  
  14  0:38  Refinery  
  15  0:54  SCV  
  16  1:03  Muscle Armory  
  16  1:12  SCV  
  17  1:29  SCV  
  18  1:46  SCV  
  19  2:03  SCV  
  20  2:20  SCV  
  21  2:37  SCV  
  22  2:54  SCV  
  23  3:01  Tychus  
  23  3:02  Miles Blaze Lewis  
  33  3:11  SCV  
  34  3:28  SCV  
  35  3:34  Engineering Bay  
  35  3:37  Engineering Bay  
  35  3:45  SCV  
  36  4:11  SCV  
  36  4:15  ITC-E Triggers, Endurance Supplements  
  37  4:28  SCV  
  38  4:30  Fixers Safehouse  
  38  4:45  SCV  
  39  5:02  SCV  
  40  5:19  SCV  
  41  5:36  SCV  
  41  5:37  Command Center  
  42  5:45  Big Red Button, Flashforce GDM Visor  
  42  5:53  SCV  
  38  6:10  SCV  
  43  6:34  SCV  
  44  6:51  SCV  
  45  7:08  SCV  
  46  7:15  Outlaw Life and Armor Level 1, Outlaw Weapons Level 1  
  46  7:34  Lt Layna Nikara  
  56  8:50  Command Center  
  56  8:53  Refinery  
  56  9:00  Refinery  
  56  9:05  SCV  
  57  9:22  SCV  
  57  9:27  Outlaw Weapons Level 2, Outlaw Life and Armor Level 2  
  58  9:39  SCV  
  59  9:56  SCV  
  60  10:06  Medivac Platform  
  60  10:07  Medivac Platform  
  60  10:12  Medivac Platform  
  60  10:13  SCV  
  61  10:30  SCV  
  62  10:43  Gunslingers Hideout  
  62  10:46  SCV  
  62  10:47  SCV  
  64  11:03  SCV  
  64  11:04  SCV  
  66  11:20  SCV  
  66  11:21  SCV  
  68  11:37  SCV  
  68  11:38  SCV  
  70  11:50  Nux  
  70  11:54  SCV  
  81  12:01  Outlaw Weapons Level 3  
  81  12:10  Outlaw Life and Armor Level 3  
  81  12:40  Wildflame Fuel Additives  
  81  14:21  Procyon Serum, Procyon Twin Heal Beam Gauntlet  
  81  14:46  Outlaw Weapons Level 4  
  81  14:54  Outlaw Life and Armor Level 4  
  81  15:01  High Capacity Containers, Hades Oil  
  81  15:42  Kev Rattlesnake West  
  91  16:07  SCV  
  91  16:30  Umojan Signal Modulator  
  91  17:01  Kel-Morian Ripper Rounds  
  91  17:49  Outlaw Weapons Level 5  
  91  17:53  Ultrasonic Boosters  
  91  17:57  Outlaw Life and Armor Level 5  
  91  18:33  T4 Cloudburst Shells  
  91  18:41  Moebius Aggression Blend  
  91  19:42  KD9a Implosion Core, Vanadium Shell  
  91  20:23  XCMC-670 Combat Suit  
  91  21:16  Umojan Repair Nanites  
  91  21:57  XM-77 Matrix Generator  
  91  22:46  SureShot Networked Helmet  
  91  23:34  Crystalline Amplifiers  
  91  24:27  N3 Networking  
  91  24:39  Secret Stash Stimpack  
  91  25:14  Hammer Munitions  
Tags
 
Add a new tag
Caveats
  • Supply blocks, unpowered buildings, or Contaminate may cause inaccurate times.
  • Supply counts are checked every 10 seconds.